 Dungeon Crawl Stone Soup version 0.16.0-11-gd45b091 (webtiles) character file.

3710 Chiseanne the Thaumaturge (level 9, -1/51 HPs)
             Began as a Deep Elf Warper on Mar 17, 2015.
             Was a Believer of Vehumet.
             Killed from afar by an orc wizard (8 damage)
             ... with a magic dart
             ... on level 9 of the Dungeon.
             The game lasted 01:00:49 (10190 turns).

Chiseanne the Thaumaturge (Deep Elf Warper)        Turns: 10190, Time: 01:00:50

Health: -1/51      AC:  6    Str: 10    XL:     9   Next: 91%
Magic:  28/31      EV: 17    Int: 20    God:    Vehumet [**....]
Gold:   411        SH:  6    Dex: 18    Spells: 8 memorised, 11 levels left

rFire  + . .     SeeInvis .     d - +0 dagger (venom)
rCold  + . .     Clarity  +     H - +1 leather armour {rC+}
rNeg   . . .     SustAb   .     D - +0 buckler (curse)
rPois  .         Gourm    .     C - +0 helmet
rElec  .         Spirit   .     M - +0 cloak
rCorr  .         Warding  .     (no gloves)
rMut   .         Stasis   .     (no boots)
MR     .....                    y - amulet of clarity
Stlth  +.........               E - ring of protection from fire
                                l - +4 ring of dexterity

@: very slightly contaminated, hasted, very quick, not resistant to hostile
enchantments, very unstealthy
A: no striking features
a: Renounce Religion


You were on level 9 of the Dungeon.
You worshipped Vehumet.
Vehumet was pleased with you.
You were not hungry.

You visited 3 branches of the dungeon, and saw 11 of its levels.

You collected 411 gold pieces.

Inventory:

Hand weapons
 a - a +5 dagger of pain
 d - a +0 dagger of venom (weapon)
 s - a +1 flail of protection
Missiles
 e - 7 tomahawks of dispersal
 o - 30 poisoned needles
 p - 2 javelins
 u - 2 steel tomahawks (quivered)
 G - 6 tomahawks
Armour
 t - a troll hide
 C - a +0 helmet (worn)
 D - a cursed +0 buckler (worn)
 H - a +1 leather armour of cold resistance (worn)
 M - a +0 cloak (worn)
 O - a +1 leather armour of positive energy
Jewellery
 l - a +4 ring of dexterity (left hand)
 r - an uncursed ring of see invisible
 y - an amulet of clarity (around neck)
 E - a ring of protection from fire (right hand)
 I - an uncursed amulet of rage {unknown}
 Q - an uncursed ring of stealth
Magical devices
 B - a wand of digging (11)
Scrolls
 b - 3 scrolls of magic mapping
 h - 2 scrolls of fog
 k - a scroll of remove curse
 q - a scroll of identify
 w - 4 scrolls of amnesia
 J - 2 scrolls of fear
 N - a scroll of recharging
Potions
 g - a potion of mutation
 i - a potion of curing
 x - a potion of resistance {unknown}
 z - 2 potions of brilliance
 A - a potion of restore abilities
Books
 c - a book of Spatial Translocations

   Spells                             Type                      Level
   a - Apportation                    Translocation                1
   b - Blink                          Translocation                2
   c - Shroud of Golubria             Charms/Translocation         2
   d - Portal Projectile              Translocation                3
   e - Teleport Other                 Translocation                3
   f - Passage of Golubria            Translocation                4
 n - a book of Envenomations

   Spells                             Type                      Level
   a - Spider Form                    Transmutation/Poison         3
   b - Alistair's Intoxication        Transmutation/Poison         4
   c - Olgreb's Toxic Radiance        Poison                       4
   d - Poisonous Cloud                Conjuration/Poison/Air       6
 L - a book of the Tempests

   Spells                             Type                      Level
   a - Static Discharge               Conjuration/Air              3
   b - Lightning Bolt                 Conjuration/Air              5
   c - Fireball                       Conjuration/Fire             5
   d - Tornado                        Air                          9
   e - Shatter                        Earth                        9
Comestibles
 f - 3 bread rations
 j - 2 beef jerkies
 v - 3 meat rations


   Skills:
 - Level 3.6 Fighting
   Level 1.7 Long Blades
 - Level 1.1 Throwing
 - Level 0.7 Armour
 - Level 7.7 Dodging
 - Level 4.5 Shields
 - Level 11.1 Spellcasting
 + Level 4.1 Conjurations
 - Level 6.9 Translocations


You had 11 spell levels left.
You knew the following spells:

 Your Spells              Type           Power        Failure   Level  Hunger
a - Apportation           Tloc           #####.....   1%          1    None
b - Flame Tongue          Conj/Fire      ###..        4%          1    None
c - Mephitic Cloud        Conj/Pois/Air  ###.....     17%         3    None
d - Static Discharge      Conj/Air       ###.....     14%         3    None
e - Passage of Golubria   Tloc           N/A          6%          4    ##.....
f - Blink                 Tloc           N/A          1%          2    None
g - Teleport Other        Tloc           #####...     1%          3    None
h - Shroud of Golubria    Chrm/Tloc      ####......   3%          2    None


Dungeon Overview and Level Annotations

Branches:
Dungeon (9/15)             Temple (1/1) D:6            Lair (1/8) D:8
    Orc: D:9-12

Altars:
Ashenzari
Cheibriados
Dithmenos
Elyvilon
Fedhas
Gozag
Kikubaaqudgha
Makhleb
Nemelex Xobeh
Okawaru
Qazlal
Ru
Sif Muna
Trog
Vehumet
Xom
Yredelemnul
Zin
The Shining One

Annotations:
D:4 exclusion: downstairs
D:5 Menkaure
D:7 Virusyak's ghost, experienced CeHu


Message History

a dagger; a leather armour; an orc corpse You hit the orc warrior but do no damage.
The orc warrior is poisoned.
The orc warrior hits you with a glaive!
* * * LOW HITPOINT WARNING * * *
Read which item? (? for menu, Esc to quit)
As you read the scroll of fear, it crumbles to dust.
You assume a fearsome visage.
The orc warrior looks frightened!
The orc looks frightened!
The magic dart hits you!
* * * LOW HITPOINT WARNING * * *
Read which item? (? for menu, Esc to quit)
Blink to where?
Press: ? - help, Dir - move target cursor
As you read the scroll of blinking, it crumbles to dust.
The puff of frost hits you! You resist.
* * * LOW HITPOINT WARNING * * *
Drink which item? (? for menu, Esc to quit)
You feel yourself speed up. The magic dart hits you!
You die...

#...###........## ##.## ##...#
##........## #..#
###...####..........######..#
.....####.....(.......##...##
.....###....#..........รท...###
##...#....####....######.....####
##.....### ##.)## #.........#
##...## #..# #[......... ####.###
#.@# #........## .....# #..#
##.......## .....# #..#
#.......## ##...## ##..#
##.......# #....##
##...####.........#
##.....######.....##...........
#.......................##.....
....###.................# ###.
..####..................#


There were no monsters in sight!

Vanquished Creatures
  A troll (D:9)
  A wyvern (D:9)
  2 orc warriors (D:6)
  2 phantoms
  An ice beast (D:9)
  5 ogres
  A sky beast (D:8)
  Duvessa (D:5)
  Blork the orc (D:6)
  5 giant frogs
  A water moccasin skeleton (D:9)
  7 killer bees
  3 scorpions
  2 goliath beetles (D:6)
  Dowan (D:5)
  3 crimson imps
  2 giant frog zombies (D:9)
  5 orc priests
  3 jellies (D:8)
  Crazy Yiuf (D:5)
  A centaur skeleton (D:8)
  3 hounds
  A giant frog skeleton (D:4)
  An iguana (D:5)
  5 worker ants
  6 orc wizards
  A hound skeleton (D:4)
  Robin (D:3)
  12 adders
  4 gnolls (D:5)
  3 shadow imps
  4 worms
  3 adder zombies
  5 giant geckos
  2 oozes
  25 orcs
  A bat skeleton (D:4)
  9 giant cockroaches
  29 goblins
  19 hobgoblins
  16 jackals
  4 quokkas
  2 ball pythons
  16 bats
  3 giant gecko skeletons
  A giant gecko zombie (D:6)
  6 giant newts
  12 kobolds
  A quokka skeleton (D:5)
  7 rats
251 creatures vanquished.

Notes
Turn   | Place    | Note
--------------------------------------------------------------
     0 | D:1      | Chiseanne, the Deep Elf Warper, began the quest for the Orb.
     0 | D:1      | Reached XP level 1. HP: 12/12 MP: 5/5
   508 | D:1      | Reached XP level 2. HP: 9/16 MP: 8/8
  1152 | D:2      | Learned a level 2 spell: Blink
  1155 | D:2      | Learned a level 2 spell: Shroud of Golubria
  1273 | D:2      | Found a white marble altar of Elyvilon.
  1728 | D:2      | Found a sacrificial altar of Ru.
  1889 | D:3      | Found a snail-covered altar of Cheibriados.
  1947 | D:3      | Reached XP level 3. HP: 9/21 MP: 6/11
  1952 | D:3      | Learned a level 3 spell: Teleport Other
  2212 | D:3      | Found a shimmering altar of Xom.
  2212 | D:3      | Found a shimmering altar of Xom.
  2213 | D:3      | Found a shimmering altar of Xom.
  2214 | D:3      | Found a shimmering altar of Xom.
  2214 | D:3      | Found a shimmering altar of Xom.
  2265 | D:3      | Found a glowing silver altar of Zin.
  2302 | D:3      | Found a radiant altar of Vehumet.
  2461 | D:3      | Found a bloodstained altar of Trog.
  2465 | D:3      | Found a blossoming altar of Fedhas.
  2467 | D:3      | Found a glowing golden altar of the Shining One.
  2582 | D:3      | Found a snail-covered altar of Cheibriados.
  2683 | D:3      | Reached skill level 4 in Spellcasting
  2716 | D:3      | Found a sparkling altar of Nemelex Xobeh.
  3064 | D:3      | Noticed Robin
  3080 | D:3      | Reached XP level 4. HP: 19/26 MP: 10/15
  3097 | D:3      | Killed Robin
  3447 | D:4      | Reached XP level 5. HP: 30/30 MP: 13/18
  3669 | D:4      | Learned a level 4 spell: Passage of Golubria
  3835 | D:4      | Reached skill level 1 in Shields
  3835 | D:4      | Reached skill level 5 in Spellcasting
  3905 | D:4      | Reached XP level 6. HP: 30/35 MP: 18/21
  4235 | D:5      | Entered Level 5 of the Dungeon
  4446 | D:5      | Noticed Crazy Yiuf
  4458 | D:5      | Killed Crazy Yiuf
  4458 | D:5      | Reached skill level 5 in Translocations
  4884 | D:5      | Noticed Duvessa
  4890 | D:5      | Noticed Dowan
  4914 | D:5      | Killed Dowan
  4919 | D:5      | Killed Duvessa
  4919 | D:5      | Reached skill level 5 in Dodging
  4919 | D:5      | Reached XP level 7. HP: 13/40 MP: 23/23
  5217 | D:5      | Reached skill level 6 in Spellcasting
  5492 | D:5      | Noticed Menkaure
  5579 | D:6      | Noticed Blork the orc
  5594 | D:6      | Killed Blork the orc
  5609 | D:6      | Found a staircase to the Ecumenical Temple.
  5617 | Temple   | Entered the Ecumenical Temple
  5997 | D:3      | Became a worshipper of Vehumet
  6512 | D:6      | Reached XP level 8. HP: 31/46 MP: 25/25
  6793 | D:6      | Reached skill level 7 in Spellcasting
  7316 | D:7      | Found a stormy altar of Qazlal.
  7335 | D:7      | Noticed Virusyak's ghost (experienced CeHu)
  7547 | D:8      | Acquired Vehumet's first power
  7547 | D:8      | Offered knowledge of Flame Tongue by Vehumet.
  7795 | D:8      | Learned a level 1 spell: Flame Tongue
  7822 | D:8      | Found a staircase to the Lair.
  7844 | Lair:1   | Entered Level 1 of the Lair of Beasts
  7976 | D:8      | Reached skill level 8 in Spellcasting
  8106 | D:8      | Reached XP level 9. HP: 51/51 MP: 26/28
  8234 | D:8      | Reached skill level 9 in Spellcasting
  8234 | D:8      | Reached skill level 1 in Conjurations
  8584 | D:8      | Offered knowledge of Freeze by Vehumet.
  9225 | D:9      | Reached skill level 10 in Spellcasting
  9424 | D:9      | Learned a level 3 spell: Static Discharge
  9905 | D:9      | Reached skill level 11 in Spellcasting
 10024 | D:9      | Offered knowledge of Mephitic Cloud by Vehumet.
 10029 | D:9      | Learned a level 3 spell: Mephitic Cloud
 10190 | D:9      | Killed from afar by an orc wizard

Action                   |  1- 3 |  4- 6 |  7- 9 || total
-------------------------+-------+-------+-------++-------
Melee: Falchion          |   159 |   134 |       ||   293
       Dagger            |       |    87 |   422 ||   509
       Flail             |       |       |     6 ||     6
Throw: Tomahawk          |     4 |    16 |    52 ||    72
       Javelin           |       |       |     8 ||     8
 Cast: Apportation       |    14 |     9 |    51 ||    74
       Shroud of Golubri |    13 |    26 |    55 ||    94
       Blink             |     1 |     1 |     1 ||     3
       Flame Tongue      |       |       |    50 ||    50
Evoke: Wand              |       |       |     8 ||     8
  Use: Scroll            |     6 |     2 |     9 ||    17
       Potion            |       |     9 |     4 ||    13
 Stab: Sleeping          |     1 |     1 |     1 ||     3
       Distracted        |       |       |     1 ||     1
  Eat: Chunk             |     7 |     7 |    12 ||    26
       Fruit             |       |       |     5 ||     5
       Pizza             |       |       |     1 ||     1
